 Dungeon Crawl Stone Soup version 0.29.1-13-g9f3cf754e1 (webtiles) character file.

Game seed: 8944486275098185702

508 sillycutie the Cleaver (level 6, -1/51 HPs)
             Began as a Minotaur Berserker on Jan 17, 2023.
             Was a Believer of Trog.
             Slain by an iguana (6 damage)
             ... on level 5 of the Dungeon on Jan 24, 2023.
             The game lasted 00:26:00 (5733 turns).

sillycutie the Cleaver (Minotaur Berserker)         Turns: 5733, Time: 00:26:01

Health: -1/51      AC:  5    Str: 24    XL:     6   Next: 98%
Magic:  5/5        EV:  8    Int:  4    God:    Trog [**....]
Gold:   330        SH:  0    Dex:  9    Spells: 5/5 levels left

rFire   . . .      SeeInvis .   a - +0 hand axe
rCold   . . .      Faith    .   (no shield)
rNeg    . . .      Spirit   .   j - +0 chain mail
rPois   .          Reflect  .   (helmet restricted)
rElec   .          Harm     .   o - +0 cloak
rCorr   .          Rampage  .   (no gloves)
Will    .....                   (no boots)
Stlth   ..........              (no amulet)
HPRegen 0.17/turn               (no ring)
MPRegen 0.09/turn               (no ring)

@: corroded, on berserk cooldown, slowed, very slow
A: horns 2, retaliatory headbutt
a: Renounce Religion, Berserk, Trog's Hand


You were on level 5 of the Dungeon.
You worshipped Trog.
Trog was pleased with you.
You visited 1 branch of the dungeon, and saw 5 of its levels.

You collected 330 gold pieces.

Inventory:

Hand Weapons
 a - a +0 hand axe (weapon)
 C - a +1 vorpal flail
Missiles
 l - 4 atropa-tipped darts (quivered)
 t - 5 poisoned darts
 u - 6 silver javelins
 v - 4 boomerangs
 B - 23 stones
Armour
 b - a +0 animal skin
 f - a +0 ring mail
 j - a +0 chain mail (worn)
 o - a +0 cloak (worn)
 y - a +0 leather armour of fire resistance
 D - a +0 scale mail
Wands
 m - a wand of mindburst (16)
 s - a wand of light (10)
Scrolls
 c - 2 scrolls of fear
 d - a scroll of blinking {unknown}
 e - a scroll of poison
 g - 2 scrolls of teleportation
 n - a scroll of magic mapping {unknown}
 x - a scroll of fog {unknown}
 A - a scroll of noise {unknown}
Potions
 h - a potion of might
 i - a potion of degeneration
 k - a potion of resistance
 p - a potion of curing
 q - a potion of invisibility {unknown}
 r - a potion of haste {unknown}
 z - a potion of heal wounds {unknown}


   Skills:
 - Level 3.6 Fighting
 + Level 9.6 Axes
 - Level 2.4 Armour
 - Level 2.1 Dodging


You had 5 spell levels left.
You didn't know any spells.
Your spell library was empty.

Dungeon Overview and Level Annotations

Branches:
Dungeon (5/15)
 Temple: D:4-7

Altars:
Nemelex Xobeh
Okawaru


Innate Abilities, Weirdness & Mutations

You have a pair of horns on your head.
You reflexively headbutt those who attack you in melee.


Message History

You feel yourself slow down.
You feel the effects of Trog's Hand fading.
The iguana hisses angrily.
The jelly jiggles.
You throw an atropa-tipped dart. The atropa-tipped dart hits the jelly.
The jelly resists.
You throw an atropa-tipped dart. The atropa-tipped dart hits the jelly.
The jelly resists.
The jelly hits you but does no damage.
You hit the jelly.
Your hands burn!
You headbutt the jelly!
The jelly is severely wounded.
You hit the iguana.
Your skin stops crawling.
You feel less strong-willed.
The iguana bites you but does no damage.
The jelly hits you but does no damage. The iguana barely misses you.
The jelly hits you but does no damage.
You hit the jelly. The acid corrodes you!
Your hands burn!
The jelly is almost dead.
You hit the iguana but do no damage. The iguana bites you.
The jelly closely misses you.
You hit the jelly but do no damage.
Your hands burn!
You headbutt the jelly.
You kill the jelly!
Trog accepts your kill.
You hit the iguana but do no damage. The iguana bites you!
You hit the iguana but do no damage.
The iguana is lightly wounded.
The iguana barely misses you.
You hit the iguana but do no damage.
The iguana is lightly wounded.
The iguana bites you but does no damage.
You hit the iguana.
The iguana is moderately wounded.
The iguana barely misses you. The iguana bites you!
You hit the iguana.
The iguana is heavily wounded.
The iguana bites you!
* * * LOW HITPOINT WARNING * * *
You hit the iguana.
The iguana is heavily wounded.
The iguana bites you.
You die...

#.........#
#.........#
#....$....#
#.........#
#.........#
#.........##
#..........#
#........!.##
#.....$@l...#
#......(..#...#
##.......####.#
##....(##
####... #.#..
....# ## ##


You could see an iguana.

Vanquished Creatures
  A phantom (D:4)
  A howler monkey (D:4)
  A hound (D:5)
  2 jellies (D:5)
  Crazy Yiuf (D:2)
  Jessica (D:2)
  An orc wizard (D:4)
  An iguana (D:4)
  Robin (D:3)
  3 gnolls (D:4)
  7 adders
  2 worms
  3 dart slugs
  6 orcs (D:4)
  8 endoplasms
  3 giant cockroaches
  11 goblins
  10 hobgoblins
  2 jackals (D:3)
  9 kobolds
  4 quokkas
  4 ball pythons
  3 bats
  5 frilled lizards
  5 rats
95 creatures vanquished.

Notes
Turn   | Place    | Note
-------+----------+-------------------------------------------
     0 | D:1      | sillycutie the Minotaur Berserker began the quest for the
                  | Orb.
     0 | D:1      | Reached XP level 1. HP: 19/19 MP: 0/0
    57 | D:1      | Reached skill level 4 in Axes
   157 | D:1      | Reached XP level 2. HP: 26/26 MP: 1/1
  1107 | D:2      | Reached skill level 5 in Axes
  1199 | D:2      | Reached XP level 3. HP: 31/31 MP: 2/2
  1287 | D:2      | Noticed Jessica
  1299 | D:2      | Killed Jessica
  1605 | D:2      | Reached skill level 6 in Axes
  1605 | D:2      | Reached XP level 4. HP: 30/39 MP: 3/3
  1788 | D:2      | Found a faded altar of an unknown god.
  1795 | D:2      | Reached ** piety under Trog
  2458 | D:2      | Found a runed translucent door.
  2459 | D:2      | Noticed Crazy Yiuf
  2467 | D:2      | Killed Crazy Yiuf
  2545 | D:3      | Noticed Robin
  2560 | D:3      | Reached XP level 5. HP: 45/45 MP: 4/4
  2562 | D:3      | Reached skill level 7 in Axes
  2565 | D:3      | Killed Robin
  2956 | D:3      | Identified the +1 robe "Mafrerur" {Harm Str+3}
  3395 | D:3      | Found a sparkling altar of Nemelex Xobeh.
  3790 | D:4      | Reached skill level 8 in Axes
  3828 | D:4      | Reached XP level 6. HP: 24/51 MP: 5/5
  3832 | D:4      | HP: 1/51 [gnoll/+1 vorpal flail (2)]
  5087 | D:4      | Found an iron altar of Okawaru.
  5261 | D:4      | Reached skill level 9 in Axes
  5658 | D:4      | Upgraded the game from 0.29.1-12-g30fa7ad0bf to
                  | 0.29.1-13-g9f3cf754e1
  5707 | D:5      | Entered Level 5 of the Dungeon
  5733 | D:5      | Slain by an iguana

Illustrated notes

Levels and vault maps discovered:
D:1:      tarquinn_simple_flora_water_a, layout_rooms, minmay_strange_pillars
D:2:      layout_loops_ring, hellmonk_ecumenical_altar_run_dry,
          minmay_misc_feat_tiny, minmay_misc_feat_columns, dk_noncrumbling_2,
          uniq_jessica, uniq_crazy_yiuf_cottage
D:3:      layout_loops_ring, amcnicky_altar_gilded, uniq_robin
D:4:      layout_layer_cave, lemuel_doored_altar, hangedman_decor_points,
          minmay_fountain_box
D:5:      layout_rooms, grunt_temple_overflow_open, uniq_menkaure

Skill      XL: |  1  2  3  4  5  6 |
---------------+-------------------+-----
Axes           | 4 5 6 8 9 |  9.6
Fighting       | |  3.6
Armour         | |  2.4
Dodging        | |  2.1

Action                   |  1- 3 |  4- 6 || total
-------------------------+-------+-------++-------
Melee: Hand axe          |    56 |   146 ||   202
       Headbutt          |     7 |    18 ||    25
Throw: Stone             |       |     5 ||     5
       Dart              |       |    31 ||    31
Invok: Berserk           |     3 |     6 ||     9
       Trog's Hand       |       |     7 ||     7
  Use: Scroll            |       |     9 ||     9
Armor: Animal skin       |     2 |       ||     2
       Chain mail        |     7 |    72 ||    79
       Ring mail         |     1 |       ||     1
Dodge: Dodged            |    21 |    53 ||    74
